 Dungeon Crawl Stone Soup version 0.27-a0-1334-g2746e35aca (webtiles) character file.

Game seed: 15155605177515460097

0 Sweetruy1997 the Chiller (level 1, 0/15 HPs)
             Began as a Naga Ice Elementalist on June 27, 2021.
             Slain by a jackal (1 damage)
             ... on level 1 of the Dungeon.
             The game lasted 00:00:54 (26 turns).

Sweetruy1997 the Chiller (Naga Ice Elementalist)      Turns: 26, Time: 00:00:54

Health: 0/15       AC:  1    Str: 10    XL:     1   Next: 0%
Magic:  3/3        EV:  9    Int: 15    God:
Gold:   0          SH:  0    Dex: 11    Spells: 3/4 levels left

rFire    . . .     SeeInvis +   (no weapon)
rCold    . . .     Faith    .   (no shield)
rNeg     . . .     Spirit   .   a - +0 robe
rPois    +         Reflect  .   (no helmet)
rElec    .         Harm     .   (no cloak)
rCorr    .         Rampage  .   (no gloves)
Will     .....                  (no barding)
Stlth    ++........             (no amulet)
HPRegen  0.05/turn              (no ring)
MPRegen  0.08/turn              (no ring)

@: very slow
A: AC +0, large, see invisible, deformed body, poison resistance, slowness 2,
spit poison 1, naga tail 1
a: Spit Poison


You were on level 1 of the Dungeon.
You visited 1 branch of the dungeon, and saw 1 of its levels.

Inventory:

Armour
 a - a +0 robe (worn)


   Skills:
 + Level 1.5 Dodging
 + Level 3.0 Stealth
 + Level 2.0 Spellcasting
 + Level 4.0 Ice Magic


You had 3 spell levels left.
You knew the following spells:

 Your Spells              Type           Power      Damage    Failure   Level
a - Freeze                Ice            52%        1d7       4%          1

Your spell library contained the following spells:

 Spells                   Type           Power      Damage    Failure   Level
 Frozen Ramparts          Ice            26%        1d4       13%         3
 Ozocubu's Armour         Ice            13%        N/A       13%         3
 Hailstorm                Conj/Ice       7%         3d4       67%         4
 Metabolic Englaciation   Hex/Ice        3%         N/A       95%         5


Dungeon Overview and Level Annotations

Branches:
Dungeon (1/15)

Altars:


Innate Abilities, Weirdness & Mutations

Your serpentine skin is tough. (AC +0)
You have supernaturally acute eyesight. (SInv)
Armour fits poorly on your strangely shaped body.
Your system is resistant to poisons. (rPois)
You cover ground very slowly.
You can spit poison.
You have a snake-like lower body.


Message History

The tentacle slaps the formicid!!
The formicid dies!
The tentacle slaps the spriggan! x2
The spriggan dies!
The tentacle slaps the draconian but does no damage.
The tentacle slaps the orc!
The orc dies!
Press: ? - help, v - describe, . - travel
Here: a tentacle (water, indifferent, fire blocked by a translucent stone wall) Some deep water.
The tentacle slaps the draconian.
The tentacle barely misses the draconian.
The kraken bites the draconian!!!
The draconian dies!
A rat comes into view.
A jackal comes into view.
An endoplasm comes into view. 2 jackals come into view.
The jackal barks! x2
The endoplasm quivers.
The jackal barks!
You hear a shout!
A jackal comes into view.
A kobold comes into view. It is wielding a +2 dagger of venom.
The jackal barely misses you.
A ball python comes into view.
The jackal bites you.
The jackal bites you but does no damage.
The jackal bites you but does no damage.
The jackal bites you. The jackal barely misses you. The jackal bites you.
The endoplasm jiggles.
The jackal bites you. The jackal closely misses you. x2
The jackal bites you. x2
* * * LOW HITPOINT WARNING * * *
The jackal bites you.
* * * LOW HITPOINT WARNING * * *
The jackal barely misses you. The jackal closely misses you.
The jackal bites you.
You die...

##.## ... ... ...
#.# #.# #.# ###.##
#.h@.######
##r#hh.<...##
#..J........#
#...#######....
#..K#..†..#..##
#..S#.≈≈≈.#..#
##..#.≈≈≈†#...#
#..#†≈≈X.#....
#####..#.....#..##


You could see an endoplasm, 3 jackals, a ball python, a kobold, a rat and a
neutral kraken (wandering).

Vanquished Creatures (others)
  A draconian (D:1)
  A merfolk (D:1)
  2 formicids (D:1)
  A spriggan (D:1)
  A demigod (D:1)
  An ogre (D:1)
  A tengu (D:1)
  2 mummies (D:1)
  An orc (D:1)
  A kobold (D:1)
  4 tentacles (D:1)
16 creatures vanquished.

Notes
Turn   | Place    | Note
-------+----------+-------------------------------------------
     0 | D:1      | Sweetruy1997 the Naga Ice Elementalist began the quest for
                  | the Orb.
     0 | D:1      | Reached XP level 1. HP: 15/15 MP: 3/3
     0 | D:1      | Noticed a draconian
     0 | D:1      | Noticed an ogre
     0 | D:1      | Noticed a spriggan
     0 | D:1      | Noticed a kraken
     0 | D:1      | Noticed a formicid
     0 | D:1      | Noticed a merfolk
     0 | D:1      | Noticed a formicid
     0 | D:1      | Noticed a tengu
     0 | D:1      | Noticed a demigod
     3 | D:1      | Killed a formicid
     4 | D:1      | Killed a demigod
     6 | D:1      | Killed a tengu
     7 | D:1      | Killed a merfolk
     8 | D:1      | Killed an ogre
     8 | D:1      | Killed a formicid
     8 | D:1      | Killed a spriggan
     9 | D:1      | Killed a draconian
    26 | D:1      | Slain by a jackal

Illustrated notes

Levels and vault maps discovered:
D:1:      nicolae_arrival_kraken_aquarium_a, layout_loops_ring,
          hellmonk_ecumenical_altar_defaced_shrine

Action                   || total
-------------------------++-------
Armor: Robe              ||     2
Dodge: Dodged            ||     6

Table legend: (Time is in decaauts)
 A = Elapsed time spent in this place.
 B = Non-inter-level travel time spent in this place.
 C = Inter-level travel time spent in this place.
 D = Time resting spent in this place.
 E = Time spent auto-exploring this place.
 F = Levels seen in this place.
 G = Mean time per level.
                   A        B        C        D        E       F      G
               +--------+--------+--------+--------+--------+-----+--------+
         Total |     36 |     36 |      0 |      0 |      0 |   1 |   36.0 |
       Dungeon |     36 |     36 |      0 |      0 |      0 |   1 |   36.0 |
               +--------+--------+--------+--------+--------+-----+--------+

Top non-repeatable levels by time:
     D:1: 36 daAuts
